 Dungeon Sprint DCSS version 0.24.1-8-ga250c9d538 (webtiles) character file.

Game seed: 17130906480062826353, levelgen mode: deterministic

618 Hugehornet the Basher (level 7, 0/41 HPs)
             Began as a Gargoyle Fighter on Apr 30, 2020.
             Was an Initiate of Trog.
             Slain by Sonja
             ... wielding a +2 dagger of distortion
              (4 damage)
             ... in the Dungeon (Sprint I: "Red Sonja").
             The game lasted 00:04:08 (813 turns).

Hugehornet the Basher (Gargoyle Fighter)             Turns: 813, Time: 00:04:08

Health: 0/41       AC: 11    Str: 22    XL:     7   Next: 45%
Magic:  7/7        EV:  7    Int:  8    God:    Trog [......]
Gold:   297        SH:  9    Dex:  9    Spells: 6/6 levels left

rFire    . . .     SeeInvis .   a - +0 flail
rCold    . . .     Gourm    .   c - +0 shield
rNeg     + . .     Faith    .   b - +0 scale mail
rPois    ∞         Spirit   .   (no helmet)
rElec    +         Reflect  .   (no cloak)
rCorr    .         Harm     .   (no gloves)
MR       .....     NoTele   +   (no boots)
Stlth    ..........             (no amulet)
HPRegen  0.13/turn              (no ring)
MPRegen  0.10/turn              (no ring)

@: no status effects
A: negative energy resistance 1, electricity resistance, unbreathing,
petrification resistance, rot immunity, AC +4
a: Renounce Religion


You were in the Dungeon.
You worshipped Trog.
Trog was noncommittal.
You were not hungry.

You visited 1 branch You collected 297 gold pieces.

Inventory:

Hand Weapons
 a - a +0 flail (weapon)
Armour
 b - a +0 scale mail (worn)
 c - a +0 shield (worn)
Wands
 d - a wand of polymorph (3)
Scrolls
 k - a scroll of blinking
Potions
 e - a potion of curing
 h - a potion of haste
 i - 2 potions of magic
 j - a potion of flight {unknown}
Comestibles
 f - 2 rations


   Skills:
 - Level 3.2 Fighting
 - Level 14.9 Maces & Flails
 * Level 3.2 Armour
 - Level 3.2 Shields


You had 6 spell levels left.
You didn't know any spells.
Your spell library was empty.

Dungeon Overview and Level Annotations

Branches:
Dungeon (1/1)

Altars:
Cheibriados
Dithmenos
Elyvilon
Fedhas
Gozag
Hepliaklqana
Kikubaaqudgha
Makhleb
Nemelex Xobeh
Okawaru
Qazlal
Ru
Sif Muna
Trog
Uskayaw
Vehumet
Wu Jian
Xom
Yredelemnul
Zin
The Shining One
Jiyva
Lugonu

Shops:
D ?

Annotations:
D Sonja


Innate Abilities, Weirdness & Mutations

You are resistant to torment.
Your stone body is resilient. (AC +4)
You are immune to poison.
You resist negative energy. (rN+)
You are resistant to electric shocks. (rElec)
You can survive without breathing.
You are immune to petrification.
You are immune to rotting.


Message History

Sonja casts a spell.
Sonja blinks!
Firing (i - inventory) No suitable missiles.
Press: ? - help, Shift-Dir - straight line, f - Sonja
Aim: Sonja, wielding a +2 dagger of distortion and carrying a wand of paralysis (9)
Okay, then.
You close the door, pushing everything out of the way.
Sonja opens the door.
You see here 27 gold pieces.
Sonja throws a curare-tipped dart.
The curare-tipped dart hits you.
Sonja zaps a wand.
You suddenly lose the ability to move!
Sonja throws a curare-tipped dart.
The curare-tipped dart completely misses you.
You can move again.
You see here a curare-tipped dart.
Sonja zaps a wand.
You resist with some effort. You block Sonja's attack.
Sonja hits you with a +2 dagger of distortion.
* * * LOW HITPOINT WARNING * * *
Space bends around you.
You die...

#<.#..').#..'..#__#
#..').#..').#..'..+
#..#####'#####'#__#
#..####..#...#.####
#..#__####..##)#
#..#_____##'#_.+
#⌠⌠#_.∩...'..._#
####_..__##_K#'#
#_____###@#)#
#########(### +$.$+
#$.$# ##(## #+#


You could see Sonja.

Vanquished Creatures
  A slime creature (D)
  Sigmund (D)
  A yak (D)
  An ogre (D)
  A jelly (D)
  Ijyb (D)
6 creatures vanquished.

Vanquished Creatures (others)
  A gargoyle (D)
1 creature vanquished.

Grand Total: 7 creatures vanquished

Notes
Turn   | Place    | Note
-------+----------+-------------------------------------------
     0 | D        | Hugehornet the Gargoyle Fighter began the quest for the
                  | Orb.
     0 | D        | Reached XP level 1. HP: 14/14 MP: 1/1
     1 | D        | Noticed Ijyb
    51 | D        | Killed Ijyb
    51 | D        | Reached skill level 6 in Maces & Flails
    51 | D        | Reached XP level 2. HP: 15/19 MP: 2/2
    51 | D        | Reached XP level 3. HP: 19/23 MP: 3/3
   106 | D        | Noticed an ogre
   112 | D        | Killed an ogre
   112 | D        | Reached skill level 9 in Maces & Flails
   112 | D        | Reached XP level 4. HP: 23/28 MP: 4/4
   242 | D        | Noticed Sigmund
   257 | D        | Killed Sigmund
   257 | D        | Reached skill level 12 in Maces & Flails
   257 | D        | Reached XP level 5. HP: 7/32 MP: 5/5
   257 | D        | Reached XP level 6. HP: 8/37 MP: 6/6
   453 | D        | Killed a gargoyle
   507 | D        | Found an ornate altar of the Wu Jian Council.
   507 | D        | Found a shimmering blue altar of Sif Muna.
   509 | D        | Found a radiant altar of Vehumet.
   531 | D        | Found Osmuzxu's Magic Scroll Emporium.
   531 | D        | Found an ancient bone altar of Kikubaaqudgha.
   531 | D        | Found a hazy altar of Hepliaklqana.
   531 | D        | Found a hide-covered altar of Uskayaw.
   531 | D        | Found a basalt altar of Yredelemnul.
   531 | D        | Found an opulent altar of Gozag.
   531 | D        | Found a snail-covered altar of Cheibriados.
   531 | D        | Found a sacrificial altar of Ru.
   531 | D        | Found a shadowy altar of Dithmenos.
   531 | D        | Noticed a yak
   539 | D        | Killed a yak
   539 | D        | Reached skill level 13 in Maces & Flails
   539 | D        | Reached XP level 7. HP: 34/41 MP: 7/7
   540 | D        | Found a stormy altar of Qazlal.
   540 | D        | Found a blossoming altar of Fedhas.
   540 | D        | Found a bloodstained altar of Trog.
   540 | D        | Found an iron altar of Okawaru.
   540 | D        | Found a glowing golden altar of the Shining One.
   540 | D        | Found a glowing silver altar of Zin.
   540 | D        | Found a white marble altar of Elyvilon.
   541 | D        | Found a sparkling altar of Nemelex Xobeh.
   546 | D        | Became a worshipper of Trog the Wrathful
   599 | D        | Found a viscous altar of Jiyva.
   599 | D        | Found a corrupted altar of Lugonu.
   599 | D        | Noticed a slime creature
   600 | D        | Found a burning altar of Makhleb.
   600 | D        | Found a shimmering altar of Xom.
   611 | D        | Killed a slime creature
   611 | D        | Reached skill level 14 in Maces & Flails
   797 | D        | Noticed Sonja
   797 | D        | Paralysed by Sonja for 4 turns
   811 | D        | Paralysed by Sonja for 2 turns
   813 | D        | Slain by Sonja

Levels and vault maps discovered:
D:        dungeon_sprint_1 [red_sonja_temple_1, red_sonja_temple_small_1]

Skill      XL: |  1  2  3  4  5  6  7 |
---------------+----------------------+-----
Maces & Flails | 6 9 12 13 14 | 14.9
Fighting       | |  3.2
Armour         | |  3.2
Shields        | |  3.2

Action                   |  1- 3 |  4- 6 |  7- 9 || total
-------------------------+-------+-------+-------++-------
Melee: Flail             |    54 |    21 |    16 ||    91
       Unarmed           |       |     1 |       ||     1
  Use: Potion            |     1 |     1 |     1 ||     3
Armor: Scale mail        |    24 |     2 |    12 ||    38
Dodge: Dodged            |    12 |     2 |     2 ||    16
Block: Shield            |    21 |     3 |     8 ||    32
